cohdb
Replays
Latest Replays
All Replays
Popular Replays
Top Player Replays
Match Explorer
How It Works
Community
CoH3 Stats
Reddit
Sign in to upload your games and track your stats! →
Sign in with Steam
Match 43422116
Unlisted
Match 43422116
Overview
Messages
Build Orders
End
Construct Section Command Post
Infantry Section
Dingo Light Scout Car
Infantry Section
Infantry Section
Construct Platoon Command Post
Humber Armored Car
Grenade Package
Construct Field Infirmary
6-pounder Anti-tank Gun Team
Royal Engineer Section
Osttruppen
Grongolock
0
0
Comments
sign in to comment!
No comments posted yet!